 Dungeon Crawl Stone Soup version 0.31-a0-986-g5e6e4ef867 (webtiles) character file.

Game seed: 17270694133937086808

38 hito the Poker (level 3, -4/31 HPs)
             Began as a Gnoll Reaver on Nov 11, 2023.
             Slain by Grinder (6 damage)
             ... on level 3 of the Dungeon.
             The game lasted 00:03:37 (2049 turns).

hito the Poker (Gnoll Reaver)                       Turns: 2049, Time: 00:03:39

Health: -4/31      AC:  4    Str: 11    XL:     3   Next: 43%
Magic:  1/9        EV: 12    Int: 12    God:
Gold:   101        SH:  0    Dex: 10    Spells: 9/12 levels left

rFire   . . .        a - +0 spear
rCold   . . .        (no shield)
rNeg    . . .        b - +0 leather armour
rPois   .            (no helmet)
rElec   .            (no cloak)
rCorr   .            j - +0 pair of gloves
SInv    .            (no boots)
Will    .....        (no amulet)
Stlth   +            (no ring)
HPRegen 0.25/turn    (no ring)
MPRegen 0.11/turn

%: no passive effects
@: brilliant, very slightly contaminated
A: fangs 1, strong nose, distributed training, screaming 1, weak 1, inability to
read after injury 1
a: no special abilities


You were on level 3 of the Dungeon.
You visited 1 branch of the dungeon, and saw 3 of its levels.

You collected 137 gold pieces.
You spent 36 gold pieces at shops.

Inventory:

Hand Weapons
 a - a +0 spear (weapon)
Armour
 b - a +0 leather armour (worn)
 j - a +0 pair of gloves (worn)
Magical Staves
 n - a staff of air
Jewellery
 c - a ring of fire
Scrolls
 e - a scroll of immolation {unknown}
 f - a scroll of vulnerability {unknown}
 i - a scroll of blinking {unknown}
 k - a scroll of teleportation {unknown}
 l - a scroll of fog {unknown}
 m - a scroll of enchant weapon {unknown}
 o - a scroll of identify {unknown}
Potions
 d - 2 potions of curing
 g - a potion of brilliance
 h - a potion of mutation


   Skills:
 + Level 4.5 Fighting
 + Level 0.8 Short Blades
 + Level 0.8 Long Blades
 + Level 0.8 Axes
 + Level 0.8 Maces & Flails
 + Level 6.5 Polearms
 + Level 0.8 Staves
 + Level 0.8 Ranged Weapons
 + Level 0.8 Throwing
 + Level 0.8 Armour
 + Level 4.5 Dodging
 + Level 0.8 Stealth
 + Level 0.8 Shields
 + Level 0.8 Unarmed Combat
 + Level 5.0 Spellcasting
 + Level 5.4 Conjurations
 + Level 0.5 Hexes
 + Level 0.5 Summonings
 + Level 0.5 Necromancy
 + Level 0.5 Translocations
 + Level 0.5 Transmutations
 + Level 0.5 Fire Magic
 + Level 0.5 Ice Magic
 + Level 0.5 Air Magic
 + Level 0.5 Earth Magic
 + Level 0.5 Poison Magic
 + Level 1.0 Invocations
 + Level 0.8 Evocations
 + Level 0.7 Shapeshifting


You had 9 spell levels left.
You knew the following spells:

 Your Spells              Type           Power      Damage    Failure   Level
a - Kiss of Death         Conj/Necr      60%        2d10      8%          1
b - Momentum Strike       Conj/Tloc      30%        3d8       12%         2

Your spell library contained the following spells:

 Spells                   Type           Power      Damage    Failure   Level
 Summon Small Mammal      Summ           24%        N/A       21%         1
 Hailstorm                Conj/Ice       15%        3d5       22%         3
 Call Canine Familiar     Summ           6%         N/A       52%         3
 Summon Guardian Golem    Hex/Summ       6%         N/A       52%         3


Dungeon Overview and Level Annotations

Branches:
Dungeon (3/15)

Altars:

Shops:
D:1 *   D:2 :[*

Annotations:
D:3 Grinder


Innate Abilities, Weirdness & Mutations

You have very sharp teeth.
Your uncanny sense of smell can sniff out nearby items.
Your experience applies equally to all skills.
You occasionally shout uncontrollably at your foes.
You are weak. (Str -2)
You occasionally lose the ability to read scrolls when taking damage.


Message History

The concentrated momentum misses Grinder.
Grinder closely misses you.
Unknown command.
Casting: Momentum Strike (safe; 11% risk of failure)
Confirm with . or Enter, or press ? or * to list all spells.
Aiming: Momentum Strike (safe; 11% risk of failure)
Press: ? - help, Dir - move target, f/p - Grinder
Aim: Grinder (64% to hit)
The concentrated momentum misses Grinder.
Grinder rolls her eyes.
Grinder hits you.
You writhe in agony.
Unknown command.
Casting: Momentum Strike (safe; 11% risk of failure)
Confirm with . or Enter, or press ? or * to list all spells.
Aiming: Momentum Strike (safe; 11% risk of failure)
Press: ? - help, Dir - move target, f/p - Grinder
Aim: Grinder (64% to hit)
The concentrated momentum misses Grinder.
Grinder hits you!
Unknown command.
Casting: Momentum Strike (safe; 11% risk of failure)
Confirm with . or Enter, or press ? or * to list all spells.
Aiming: Momentum Strike (safe; 11% risk of failure)
Press: ? - help, Dir - move target, f/p - Grinder
Aim: Grinder (64% to hit)
You miscast Momentum Strike.
You are very lightly contaminated with residual magic.
Nothing appears to happen.
Grinder hits you!
* * * LOW HITPOINT WARNING * * *
It was a potion of mutation.
You feel extremely strange.
You feel weaker.
You feel the urge to shout.
You occasionally lose the ability to read scrolls when taking damage.
Grinder closely misses you.
It was a potion of brilliance.
You feel clever all of a sudden. Grinder hits you.
* * * LOW HITPOINT WARNING * * *
You writhe in agony.
You die...
Grinder says, "Now the real fun starts!"

..#. #...# ... +...
....... #.##...####
....... #.....#...
#.......
#....[#.##.#.......
####..........#.....
∆ .........#.#..#B..
##......#.####5#
######.#....@.#
#####.##########
#..............#
#.....########.#
#.....# #.# #.....#
#.# #.....# #.######
#.....# ##......#
#.....# #...###.#


You could see Grinder and a giant cockroach.

Vanquished Creatures
  A worm (D:2)
  A dart slug (D:1)
  3 ball pythons
  3 bats
  An endoplasm (D:1)
  4 goblins (D:1)
  A hobgoblin (D:1)
  3 jackals (D:1)
  3 quokkas
  8 kobolds
28 creatures vanquished.

Notes
Turn   | Place    | Note
-------+----------+-------------------------------------------
     0 | D:1      | hito the Gnoll Reaver began the quest for the Orb.
     0 | D:1      | Reached XP level 1. HP: 20/20 MP: 6/6
    75 | D:1      | Reached XP level 2. HP: 22/26 MP: 7/7
   200 | D:1      | Learned a level 2 spell: Momentum Strike
   279 | D:1      | Found Geomm's General Store.
   502 | D:1      | Bought a potion of curing for 36 gold pieces
   554 | D:1      | Reached skill level 5 in Spellcasting
   554 | D:1      | Reached XP level 3. HP: 31/31 MP: 7/9
  1082 | D:2      | Found Rytuag's Antique Armour Emporium.
  1114 | D:2      | Found Suschuwn's Book Boutique.
  1171 | D:2      | Found Xodd's General Store.
  1735 | D:2      | Reached skill level 1 in Invocations
  2041 | D:3      | Noticed Grinder
  2048 | D:3      | Gained mutation: You are weak. (Str -2) [potion of
                  | mutation]
  2048 | D:3      | Gained mutation: You occasionally shout uncontrollably at
                  | your foes. [potion of mutation]
  2048 | D:3      | Gained mutation: You occasionally lose the ability to read
                  | scrolls when taking damage. [potion of mutation]
  2049 | D:3      | Slain by Grinder

Illustrated notes

Levels and vault maps discovered:
D:1:      dpeg_arrival_shelter, layout_basic, serial_shops, shop
D:2:      layout_basic, serial_shops, shop, shop_statue, shop
D:3:      layout_basic, old_standard_altar, uniq_grinder

Skill      XL: |  1  2  3 |
---------------+----------+-----
Spellcasting   | 5 |  5.0
Invocations    | 1 |  1.0
Fighting       | |  4.5
Short Blades   | |  0.8
Long Blades    | |  0.8
Axes           | |  0.8
Maces & Flails | |  0.8
Polearms       | |  6.5
Staves         | |  0.8
Ranged Weapons | |  0.8
Throwing       | |  0.8
Armour         | |  0.8
Dodging        | |  4.5
Stealth        | |  0.8
Shields        | |  0.8
Unarmed Combat | |  0.8
Conjurations   | |  5.4
Hexes          | |  0.5
Summonings     | |  0.5
Necromancy     | |  0.5
Translocations | |  0.5
Transmutations | |  0.5
Fire Magic     | |  0.5
Ice Magic      | |  0.5
Air Magic      | |  0.5
Earth Magic    | |  0.5
Poison Magic   | |  0.5
Evocations     | |  0.8
Shapeshifting  | |  0.7

Action                     || total
---------------------------++-------
  Melee: Spear             ||    91
         Bite              ||     9
         Punch             ||     3
   Cast: Momentum Strike   ||     3
    Use: Potion            ||     2
 Armour: Leather armour    ||    36
  Dodge: Dodged            ||    41

Table legend: (Time is in decaauts)
 A = Elapsed time spent in this place.
 B = Non-inter-level travel time spent in this place.
 C = Inter-level travel time spent in this place.
 D = Time resting spent in this place.
 E = Time spent auto-exploring this place.
 F = Levels seen in this place.
 G = Mean time per level.
                   A        B        C        D        E       F      G
               +--------+--------+--------+--------+--------+-----+--------+
         Total |   2028 |   1880 |    148 |    134 |   1426 |   3 |  676.0 |
       Dungeon |   2028 |   1880 |    148 |    134 |   1426 |   3 |  676.0 |
               +--------+--------+--------+--------+--------+-----+--------+

Top non-repeatable levels by time:
     D:2: 981 daAuts
     D:1: 834 daAuts
     D:3: 212 daAuts
